 Dungeon Crawl Stone Soup version 0.26-a0-50-gc4d14cd842 (webtiles) character file.

Game seed: 2422712757960131490

22416 vurker the Eclecticist (level 12, -10/96 HPs)
             Began as a Mummy Wizard on June 4, 2020.
             Was an Initiate of Gozag.
             Mangled by a spiny frog (23 damage)
             ... on level 4 of the Lair of Beasts.
             The game lasted 00:43:03 (23646 turns).

vurker the Eclecticist (Mummy Wizard)              Turns: 23646, Time: 00:43:03

Health: -10/96     AC: 15    Str: 10    XL:     12   Next: 62%
Magic:  6/31       EV: 12    Int: 22    God:    Gozag
Gold:   1073       SH:  0    Dex: 11    Spells: 32/42 levels left

rFire    . . .     SeeInvis +   f - +0 short sword
rCold    + . .     Gourm    .   (no shield)
rNeg     + + +     Faith    .   A - +2 robe {MR+}
rPois    ∞         Spirit   .   w - +2 hat {SInv}
rElec    .         Reflect  .   s - +0 cloak
rCorr    .         Harm     .   B - +0 pair of gloves
MR       ++...                  m - +2 pair of boots
Stlth    ++........             e - amulet of regeneration
HPRegen  0.66/turn              n - ring of protection from fire
MPRegen  0.22/turn              r - +4 ring of protection

@: gold aura
A: no food or potions, fire vulnerability, cold resistance 1, negative energy
resistance 3, torment resistance, unbreathing
a: Potion Petition, Call Merchant, Bribe Branch, Renounce Religion


You were on level 4 of the Lair of Beasts.
You worshipped Gozag.
Gozag was most pleased with you.
You were not hungry.

You visited 2 branches of the dungeon, and saw 15 of its levels.

You collected 3467 gold pieces.
You spent 348 gold pieces at shops.
You paid 2046 gold pieces to Gozag.

Inventory:

Hand Weapons
 f - a +0 short sword (weapon)
   (You took it off a kobold on level 1 of the Dungeon)
Missiles
 j - a throwing net (quivered)
Armour
 m - a +2 pair of boots (worn)
   (You found it on level 1 of the Lair of Beasts)
 s - a +0 cloak (worn)
   (You took it off Crazy Yiuf on level 5 of the Dungeon)
 w - a +2 hat of see invisible (worn)
   (You took it off Gastronok on level 8 of the Dungeon)
 A - a +2 robe of magic resistance (worn)
   (You took it off Psyche on level 9 of the Dungeon)
 B - a +0 pair of gloves (worn)
   (You found it on level 1 of the Lair of Beasts)
Magical Staves
 a - an uncursed staff of cold
   (You found it on level 6 of the Dungeon)
Jewellery
 e - an amulet of regeneration (around neck)
   (You found it on level 2 of the Dungeon)
 g - an uncursed ring of resist corrosion
   (You found it on level 5 of the Dungeon)
 n - a ring of protection from fire (left hand)
   (You bought it in a shop on level 9 of the Dungeon)
 r - a +4 ring of protection (right hand)
   (You found it on level 5 of the Dungeon)
 v - an uncursed ring of fire
   (You found it on level 1 of the Lair of Beasts)
Wands
 t - a wand of flame (59)
   (You took it off Crazy Yiuf on level 5 of the Dungeon)
 u - a wand of polymorph (8)
   (You found it on level 3 of the Lair of Beasts)
Scrolls
 b - 2 scrolls of fear
 h - 13 scrolls of remove curse
 i - a scroll of blinking
 k - a scroll of fog
 l - 2 scrolls of amnesia
 o - 2 scrolls of identify
 p - 2 scrolls of immolation
 q - 3 scrolls of enchant weapon
 x - a scroll of vulnerability
 y - a scroll of torment
 z - 10 scrolls of teleportation


   Skills:
 + Level 9.5 Fighting
 - Level 1.5 Dodging
 - Level 1.5 Stealth
 * Level 15.6 Spellcasting
 + Level 8.4 Conjurations
 - Level 2.0 Summonings
 - Level 0.7 Translocations
 * Level 7.7 Earth Magic


You had 32 spell levels left.
You knew the following spells:

 Your Spells              Type           Power        Failure   Level  Hunger
a - Magic Dart            Conj           ####         1%          1    N/A
b - Call Imp              Summ           ####....     2%          2    N/A
w - Blink                 Tloc           N/A          3%          2    N/A
z - Lee's Rapid Deconstr  Erth           ######....   3%          5    N/A

Your spell library contained the following spells:

 Spells                   Type           Power        Failure   Level  Hunger
 Sandblast                Erth           ######       1%          1    N/A
 Passwall                 Tmut/Erth      ####....     1%          2    N/A
 Conjure Flame            Conj/Fire      #####...     1%          3    N/A
 Stone Arrow              Conj/Erth      ######       1%          3    N/A
 Mephitic Cloud           Conj/Pois/Air  ####....     3%          3    N/A
 Slow                     Hex            ###.....     5%          2    N/A
 Sticks to Snakes         Tmut           ###.....     5%          2    N/A
 Swiftness                Chrm/Air       ###.....     5%          2    N/A
 Fulminant Prism          Conj/Hex       #####.....   6%          4    N/A
 Hailstorm                Conj/Ice       #####...     6%          4    N/A
 Sticky Flame             Conj/Fire      #####...     6%          4    N/A
 Petrify                  Tmut/Erth      ####....     7%          4    N/A
 Gell's Gravitas          Tloc           ###.......   8%          3    N/A
 Confusing Touch          Hex            ###.....     11%         3    N/A
 Irradiate                Conj/Tmut      #####.....   17%         5    N/A
 Iskenderun's Battlesphe  Conj/Chrm      #####...     17%         5    N/A
 Orb of Destruction       Conj           ######....   65%         7    N/A
 Metabolic Englaciation   Hex/Ice        ###.......   67%         5    N/A
 Yara's Violent Unravell  Hex/Tmut       ###.......   67%         5    N/A
 Beastly Appendage        Tmut           Unusable     N/A         1    N/A
 Spider Form              Tmut/Pois      Unusable     N/A         3    N/A
 Ice Form                 Ice/Tmut       Unusable     N/A         4    N/A
 Blade Hands              Tmut           Unusable     N/A         5    N/A

Dungeon Overview and Level Annotations

Branches:
Dungeon (11/15)            Temple (0/1) D:4            Lair (4/6) D:8
 Shoals (0/4) Lair:3        Snake (0/4) Lair:2          Orc (0/2) D:11

Altars:
Ashenzari
Fedhas
Gozag
Makhleb
Qazlal
Trog
Beogh

Shops:
D:8 =*   D:9 =

Annotations:
D:11 3 runed translucent doors, Thantalas's ghost, journeyman DrCj
Lair:4 exclusion: oklob plant


Innate Abilities, Weirdness & Mutations

You do not eat or drink.
Your flesh is vulnerable to fire.
You are immune to poison.
Your flesh is cold resistant. (rC+)
You are immune to negative energy. (rN+++)
You are immune to unholy pain and torment.
You can survive without breathing.


Message History

The blast of rock fragments hits the crocodile!
The spiny frog closely misses you.
A rock wall.
Okay, then.
You barely miss the crocodile. The spiny frog stings you!!
The crocodile closely misses you.
A beastly little devil appears in a puff of flame.
Your crimson imp barely misses the spiny frog.
The spiny frog closely misses you. The crocodile bites you!
You completely miss the crocodile.
The spiny frog stings you but does no damage.
Your crimson imp barely misses the crocodile.
The crocodile bites you but does no damage.
Your crimson imp hits the crocodile.
Your crimson imp misses the crocodile.
The spiny frog stings you!!
* * * LOW HITPOINT WARNING * * *
The magic dart hits the crocodile.
Your crimson imp disappears in a puff of smoke!
The crocodile closely misses you. The spiny frog stings you!
* * * LOW HITPOINT WARNING * * *
Your crimson imp barely misses the crocodile.
The magic dart hits the crocodile but does no damage.
The spiny frog stings you but does no damage.
Your white imp completely misses the spiny frog.
The crocodile bites you but does no damage.
Your crimson imp hits the crocodile but does no damage.
The magic dart hits the crocodile.
You kill the crocodile!
The spiny frog misses you.
Your white imp gestures at the spiny frog.
The puff of frost hits the spiny frog.
Aim: a spiny frog (heavily wounded)
The magic dart hits the spiny frog.
The spiny frog becomes distracted by the nearby gold, dreaming of imaginary riches.
Your white imp hits the spiny frog but does no damage.
The spiny frog is no longer distracted by gold.
The spiny frog stings your white imp.
Your crimson imp completely misses the spiny frog.
Aim: a spiny frog (heavily wounded)
The magic dart hits the spiny frog.
The spiny frog stings you.
* * * LOW HITPOINT WARNING * * *
Your white imp hits the spiny frog.
Your white imp freezes the spiny frog.
The spiny frog seems to slow down.
Your crimson imp completely misses the spiny frog.
Aim: a spiny frog (severely wounded, slow)
The magic dart hits the spiny frog.
Your white imp hits the spiny frog but does no damage.
The spiny frog stings you!!
You die...
Your body crumbles into a pile of gold.

#..... ######..#.#
.#.....
/P?.P....####......
$
$.$P.?............
$()P..............
$=...............
...............
####..............
#@F5............[.
##5#..#.#####.....
#..#####.####.....
##.........##.....
##.........#......
#P.##......##.....
#..##...####......
#...#...P...#.....
##................


You could see a spiny frog (slow), a friendly crimson imp (summoned) and a
friendly white imp (summoned).

Vanquished Creatures
  Erica (D:9)
  A hydra (Lair:1)
  A two-headed ogre (D:11)
  Sonja (Lair:2)
  An ugly thing (D:10)
  Joseph (D:8)
  A black mamba (Lair:3)
  3 spiny frogs
  2 komodo dragons (Lair:2)
  A kobold demonologist (D:11)
  A rime drake (Lair:2)
  A polar bear (Lair:2)
  Prince Ribbit (Lair:3)
  12 blink frogs (Lair:3)
  A snapping turtle (Lair:3)
  6 hippogriffs
  A spriggan (D:7)
  A vampire (D:11)
  A shadow (D:10)
  A wyvern (Lair:2)
  12 yaks
  2 hungry ghosts
  2 nagas (Lair:2)
  An acid dragon (D:11)
  2 water moccasins (Lair:4)
  5 porcupines
  3 sky beasts
  5 orc warriors
  15 wolves
  A necrophage (D:11)
  3 ogres
  A phantom (D:8)
  11 centaurs
  8 crocodiles
  2 big kobolds
  8 bullfrogs
  A water moccasin zombie (D:7)
  4 scorpions
  7 wights
  A howler monkey (D:8)
  3 electric eels
  2 bullfrog zombies (D:10)
  A crimson imp (D:5)
  4 centaur zombies
  7 orc priests
  4 hounds
  A centaur skeleton (D:4)
  A jelly (D:10)
  2 bullfrog skeletons
  4 iguanas
  5 orc wizards
  12 worker ants
  A killer bee zombie (D:8)
  A hound zombie (D:6)
  A hound skeleton (D:8)
  A worker ant zombie (D:6)
  6 adders
  A howler monkey skeleton (D:6)
  A shadow imp (D:9)
  An ooze (D:1)
  An adder zombie (D:9)
  A worm (D:2)
  4 dart slugs
  5 leopard geckos
  29 orcs
  A ball python (D:1)
  6 giant cockroaches
  6 goblins
  5 hobgoblins
  4 jackals (D:3)
  13 kobolds
  6 quokkas
  5 bats
  6 frilled lizards
  A quokka zombie (D:7)
  7 rats
  A bush (D:3)
  A fungus (Lair:2)
  2 plants
296 creatures vanquished.

Vanquished Creatures (collateral kills)
  Gastronok (D:8)
  Psyche (D:9)
  A spiny frog (Lair:4)
  A hippogriff (D:10)
  A black bear (D:6)
  An eye of draining (D:11)
  An ice beast (D:5)
  A necrophage (D:10)
  3 ogres
  3 centaurs
  2 crocodiles (Lair:4)
  2 bullfrogs
  3 killer bees (D:10)
  5 wights
  A centaur zombie (D:7)
  An orc priest (D:3)
  Crazy Yiuf (D:5)
  2 hounds
  An orc wizard (D:3)
  2 iguanas
  3 worker ants
  7 gnolls
  A worm (D:2)
  3 orcs
  A ball python (D:3)
  2 bats
  A giant cockroach (D:3)
  A hobgoblin (D:3)
  2 jackals (D:3)
  2 quokkas
  A jackal skeleton (D:4)
58 creatures vanquished.

Vanquished Creatures (others)
  An orc (D:3)
  3 fungi (Lair:3)
  6 plants
10 creatures vanquished.

Grand Total: 364 creatures vanquished

Notes
Turn   | Place    | Note
-------+----------+-------------------------------------------
     0 | D:1      | vurker the Mummy Wizard began the quest for the Orb.
     0 | D:1      | Reached XP level 1. HP: 13/13 MP: 5/5
   105 | D:1      | Reached skill level 1 in Conjurations
   189 | D:1      | Reached XP level 2. HP: 20/20 MP: 0/7
   717 | D:1      | Learned a level 2 spell: Call Imp
   720 | D:1      | Learned a level 2 spell: Blink
  1088 | D:1      | Reached skill level 1 in Fighting
  1088 | D:1      | Reached XP level 3. HP: 24/26 MP: 0/9
  2487 | D:3      | Found a faded altar of an unknown god.
  2535 | D:3      | Found an opulent altar of Gozag.
  2548 | D:3      | Became a worshipper of Gozag Ym Sagoz the Greedy
  2886 | D:3      | Reached skill level 5 in Spellcasting
  2886 | D:3      | Reached XP level 4. HP: 32/32 MP: 1/11
  4287 | D:4      | Reached XP level 5. HP: 15/38 MP: 6/12
  4667 | D:4      | Found a staircase to the Ecumenical Temple.
  4820 | D:4      | Reached skill level 6 in Spellcasting
  5138 | D:4      | Reached XP level 6. HP: 45/45 MP: 12/15
  5425 | D:5      | Entered Level 5 of the Dungeon
  5501 | D:5      | Noticed an ice beast
  5535 | D:5      | Killed an ice beast
  5535 | D:5      | Reached skill level 1 in Summonings
  6358 | D:5      | Found a runed translucent door.
  6359 | D:5      | Noticed Crazy Yiuf
  6384 | D:5      | Killed Crazy Yiuf
  6655 | D:6      | Reached XP level 7. HP: 52/52 MP: 11/17
  6710 | D:6      | Found a stormy altar of Qazlal.
  6729 | D:6      | Found a blossoming altar of Fedhas.
  6796 | D:6      | Reached skill level 7 in Spellcasting
  7161 | D:6      | Found a bloodstained altar of Trog.
  7532 | D:6      | Found a burning altar of Makhleb.
  7663 | D:6      | Reached skill level 8 in Spellcasting
  7910 | D:7      | Reached XP level 8. HP: 60/60 MP: 11/20
  8172 | D:7      | Got a smouldering hand crossbow
  8197 | D:7      | Identified the +8 hand crossbow "Kubbetag" {freeze, MR+}
                  | (You found it on level 7 of the Dungeon)
  8421 | D:7      | Noticed a hippogriff
  8429 | D:7      | Killed a hippogriff
  8429 | D:7      | Reached skill level 9 in Spellcasting
  9229 | D:7      | Reached skill level 5 in Fighting
  9382 | D:8      | Reached skill level 5 in Conjurations
  9391 | D:8      | Reached skill level 10 in Spellcasting
  9481 | D:8      | Found a staircase to the Lair.
  9604 | D:8      | Reached XP level 9. HP: 57/68 MP: 6/23
 10079 | D:8      | Noticed Gastronok
 10128 | D:8      | Killed Gastronok
 10128 | D:8      | Reached skill level 11 in Spellcasting
 10380 | D:8      | Found Atri's Assorted Antiques.
 10385 | D:8      | Bought a scroll of fear for 73 gold pieces
 10477 | D:8      | Noticed Joseph
 11114 | D:9      | Reached skill level 12 in Spellcasting
 11274 | D:9      | Bought an uncursed ring of protection from fire for 275
                  | gold pieces
 11354 | D:9      | Learned a level 5 spell: Lee's Rapid Deconstruction
 11474 | D:9      | Reached XP level 10. HP: 72/77 MP: 18/26
 11539 | D:9      | Noticed Psyche
 11556 | D:9      | Killed Psyche
 11749 | D:9      | Reached skill level 1 in Earth Magic
 11985 | D:9      | Noticed Erica
 11998 | D:9      | Killed Erica
 12433 | D:10     | Entered Level 10 of the Dungeon
 13501 | D:10     | Reached skill level 13 in Spellcasting
 14254 | D:11     | Noticed a purple ugly thing
 14266 | D:10     | Killed a purple ugly thing
 14266 | D:10     | Reached XP level 11. HP: 59/86 MP: 2/28
 15306 | D:11     | Noticed a two-headed ogre
 15834 | D:11     | Killed a two-headed ogre
 15834 | D:11     | Reached skill level 5 in Earth Magic
 15949 | D:11     | Identified the cursed +0 fire dragon scales of the Komodo
                  | Dragon {rF++ rC- rCorr Str+2 Int+3 SInv Stlth-}
 16418 | D:11     | Reached skill level 14 in Spellcasting
 16519 | D:11     | Found a staircase to the Orcish Mines.
 16819 | D:11     | Found a runed translucent gate.
 16820 | D:11     | Noticed Thantalas's ghost (journeyman DrCj)
 16835 | D:11     | Identified the cursed +1 chain mail of Failure {Int+2}
 17499 | D:11     | Found a runed translucent gate.
 17500 | D:11     | Found a runed translucent gate.
 17501 | D:11     | Found a roughly hewn altar of Beogh.
 17786 | D:8      | Killed Joseph
 18029 | Lair:1   | Entered Level 1 of the Lair of Beasts
 18087 | Lair:1   | Noticed an eight-headed hydra
 18090 | Lair:1   | Killed an eight-headed hydra
 18405 | Lair:1   | Found a shattered altar of Ashenzari.
 18943 | Lair:2   | Identified a scroll of acquirement
 18945 | Lair:2   | Got the Tome of Damaging Air
 19325 | Lair:2   | Identified the Catalogue of Transmigration
 19369 | Lair:2   | Found a staircase to the Snake Pit.
 19873 | Lair:2   | Noticed Sonja
 20045 | Lair:2   | Killed Sonja
 20045 | Lair:2   | Reached XP level 12. HP: 94/94 MP: 23/30
 21296 | Lair:3   | Reached skill level 15 in Spellcasting
 21350 | Lair:3   | Noticed Prince Ribbit
 21356 | Lair:3   | Killed Prince Ribbit
 22342 | Lair:3   | Found a staircase to the Shoals.
 23646 | Lair:4   | Mangled by a spiny frog

Illustrated notes

Levels and vault maps discovered:
D:1:      mainiacjoe_arrival_reflecting_pool, layout_loops_ring
D:2:      layout_rooms, roderic_roman_lattice, minivault_19
D:3:      minmay_chambers_of_threes, layout_basic, grunt_gozag_breadcrumbs,
          first_ration, chequers_ecumenical_altar_island, serial_forest,
          infiniplex_forest_split, infiniplex_forest_fountain,
          infiniplex_forest_lined_3, infiniplex_forest_lined_3,
          infiniplex_forest_lined_1, infiniplex_forest_lined_corner
D:4:      layout_rooms, temple_doors_e, minivault_4, grunt_ministairs_10
D:5:      layout_basic, uniq_crazy_yiuf_cottage
D:6:      layout_cave_pools, grunt_temple_overflow_forces_of_nature,
          nicolae_overflow_crystal_walls, makhleb_heckhound_becter
D:7:      layout_loops_ring, nicolae_overflow_hidden_temple, the_bakery
D:8:      layout_basic, lair_entry_dummy, serial_shops, kennysheep_little_box,
          uniq_joseph, uniq_gastronok
D:9:      layout_basic, nrook_mini_vaults, uniq_erica, uniq_psyche
D:10:     layout_irregular_city
D:11:     layout_long_grid, erik_orc_2, biasface_ghost_orc_armoury
Lair:1:   layout_loops_ring, basic_altar, serial_bayou_pond_e,
          lemuel_fruit_fields
Lair:2:   layout_gridlike, guppyfry_snake_entry_island, serial_bayou_shore_b,
          uniq_sonja
Lair:3:   layout_roguey, minmay_shoals_entry_hut, uniq_prince_ribbit2
Lair:4:   layout_regular_city, minmay_lair_oklob_chamber,
          infiniplex_staircase_pool_2

Skill      XL: |  1  2  3  4  5  6  7  8  9 10 11 12 |
---------------+-------------------------------------+-----
Conjurations   | 1 2 3 4 5 6 7 8 |  8.4
Fighting       | 1 2 3 4 5 6 7 8 9 |  9.5
Spellcasting   | 5 6 8 10 12 13 14 15 | 15.6
Summonings     | 1 2 |  2.0
Earth Magic    | 4 6 7 |  7.7
Dodging        | |  1.5
Stealth        | |  1.5
Translocations | |  0.7

Action                   |  1- 3 |  4- 6 |  7- 9 | 10-12 || total
-------------------------+-------+-------+-------+-------++-------
Melee: Unarmed           |    19 |       |       |       ||    19
       Short sword       |    30 |   424 |    25 |   124 ||   603
 Cast: Magic Dart        |   105 |    87 |   350 |   689 ||  1231
       Call Imp          |    23 |    46 |    55 |    69 ||   193
       Lee's Rapid Decon |       |       |       |   123 ||   123
Invok: Call Merchant     |       |       |     1 |     1 ||     2
       Potion Petition   |       |       |     1 |     1 ||     2
Evoke: Wand              |       |     1 |     6 |    44 ||    51
  Use: Scroll            |       |     7 |     3 |     8 ||    18
 Stab: Sleeping          |     1 |       |       |       ||     1
       Distracted        |       |       |       |     3 ||     3
Armor: Robe              |    10 |    20 |    66 |   213 ||   309
Dodge: Dodged            |    46 |    72 |   119 |   390 ||   627

Table legend:
 A = Non-vault XP
 B = Vault XP
 C = Vault XP percentage of total XP
 D = Non-vault monster count
 E = Vault monster count
 F = Vault count percentage of total count
                 A         B        C        D         E       F
            +---------+---------+-------+---------+---------+-------
      Total |   24854 |    7170 |  22.4 |     297 |      53 |  15.1
            +---------+---------+-------+---------+---------+-------
        D:1 |      42 |       0 |   0.0 |      19 |       0 |   0.0
        D:2 |      37 |       0 |   0.0 |      19 |       0 |   0.0
        D:3 |     128 |      35 |  21.5 |      26 |      11 |  29.7
        D:4 |     161 |      23 |  12.5 |      13 |       3 |  18.8
        D:5 |     270 |      20 |   6.9 |       6 |       1 |  14.3
        D:6 |     652 |      42 |   6.1 |      14 |       1 |   6.7
        D:7 |     914 |     210 |  18.7 |      20 |       1 |   4.8
        D:8 |     896 |    2048 |  69.6 |      21 |       2 |   8.7
        D:9 |    1548 |    1130 |  42.2 |      19 |       2 |   9.5
       D:10 |    4268 |       0 |   0.0 |      38 |       0 |   0.0
       D:11 |    4006 |     803 |  16.7 |      40 |      21 |  34.4
     Lair:1 |    1112 |       0 |   0.0 |       3 |       0 |   0.0
     Lair:2 |    2789 |    1125 |  28.7 |      14 |       3 |  17.6
     Lair:3 |    5455 |    1567 |  22.3 |      27 |       6 |  18.2
     Lair:4 |    2576 |     167 |   6.1 |      18 |       2 |  10.0
            +---------+---------+-------+---------+---------+-------
